 Dungeon Crawl Stone Soup version 0.32-a0-42-ga30500b4d3 (webtiles) character file.

Game seed: 15672872597865678108

6050 drugrobin the Basher (level 10, -2/91 HPs)
             Began as a Demigod Delver on Feb 1, 2024.
             Slain by a two-headed ogre
             ... wielding a +0 giant spiked club
              (13 damage)
             ... on level 9 of the Dungeon.
             The game lasted 00:24:04 (10925 turns).

drugrobin the Basher (Demigod Delver)              Turns: 10925, Time: 00:24:05

Health: -2/91      AC: 12    Str: 21    XL:     10   Next: 31%
Magic:  13/13      EV:  6    Int: 12    God:
Gold:   209        SH:  4    Dex: 19    Spells: 9/9 levels left

rFire   . . .        a - +3 morningstar (protect)
rCold   . . .        x - +0 buckler
rNeg    . . .        P - +0 plate armour
rPois   .            (no helmet)
rElec   .            r - +0 cloak
rCorr   .            L - +0 pair of gloves
SInv    .            (no boots)
Will    +....        G - amulet of the acrobat Stlth
                     (no ring)
HPRegen 0.35/turn    (no ring)
MPRegen 0.13/turn

%: acrobat
@: no status effects
A: high MP 1, forlorn, divine attributes
a: no special abilities


You were on level 9 of the Dungeon.
You visited 1 branch of the dungeon, and saw 9 of its levels.
You also visited: Ossuary.

You collected 650 gold pieces.
You spent 441 gold pieces at shops.

Inventory:

Hand Weapons
 a - a +3 morningstar of protection (weapon)
 b - the +9 long sword of Toothy Optimality {elec, rCorr Str+4}
   (You found it on level 4 of the Dungeon)

   Str+4:     It affects your strength (+4).
   rCorr:     It protects you from acid and corrosion.
 c - a +0 dagger of venom
 T - a +2 mace of draining
Missiles
 l - 6 poisoned darts (quivered)
Armour
 m - a +0 leather armour
 r - a +0 cloak (worn)
 x - a +0 buckler (worn)
 B - a +0 chain mail
 L - a +0 pair of gloves (worn)
 P - a +0 plate armour (worn)
Magical Staves
 y - a staff of earth
Jewellery
 z - a ring of fire
 G - an amulet of the acrobat (around neck)
 Q - a ring of fire
Wands
 g - a wand of digging (3)
 E - a wand of light (5)
 J - a wand of flame (14)
 K - a wand of mindburst (10)
Scrolls
 d - 6 scrolls of teleportation {unknown}
 e - a scroll of fear
 f - 4 scrolls of immolation
 h - 5 scrolls of identify
 i - 3 scrolls of blinking
 v - 2 scrolls of revelation
 w - 2 scrolls of poison
 C - a scroll of vulnerability
 F - a scroll of torment
 H - 4 scrolls of fog
 I - 2 scrolls of brand weapon
 N - a scroll of enchant weapon
 O - a scroll of amnesia
Potions
 j - 3 potions of resistance
 k - 6 potions of lignification
 n - 3 potions of attraction
 o - 2 potions of haste
 p - 2 potions of enlightenment
 q - a potion of magic {unknown}
 s - 2 potions of ambrosia
 t - 4 potions of curing
 u - 2 potions of heal wounds
 D - a potion of brilliance
 M - 2 potions of invisibility {unknown}
 S - a potion of mutation {unknown}


   Skills:
 + Level 9.1 Fighting
 * Level 10.9 Maces & Flails
 - Level 1.7 Dodging
 - Level 4.5 Stealth
 - Level 5.0 Evocations


You had 9 spell levels left.
You didn't know any spells.
Your spell library contained the following spells:

 Spells                   Type           Power      Damage    Failure   Level
 Kiss of Death            Conj/Necr      0%         2d5       100%        1
 Necrotise                Necr           0%         1d4       100%        1
 Sting                    Conj/Alch      0%         1d3       100%        1
 Cigotuvi's Dreadful Rot  Necr/Alch/Air  0%         N/A       100%        2
 Mercury Vapours          Alch/Air       0%         N/A       100%        2
 Confusing Touch          Hex            0%         N/A       100%        3
 Dazzling Flash           Conj/Hex       0%         N/A       100%        3
 Mephitic Cloud           Conj/Alch/Air  0%         N/A       100%        3
 Vampiric Draining        Necr           0%         2d6       100%        3
 Dispel Undead            Necr           0%         3d6       100%        4
 Martyr's Knell           Necr/Summ      0%         N/A       100%        4
 Olgreb's Toxic Radiance  Alch           0%         N/A       100%        4
 Curse of Agony           Necr           0%         N/A       100%        5
 Silence                  Hex/Air        0%         N/A       100%        5
 Death Channel            Necr           0%         N/A       100%        6


Dungeon Overview and Level Annotations

Branches:
Dungeon (9/15)             Temple (0/1) D:5         Ossuary (visited)
   Lair: D:8-11         Orc: D:9-12

Shops:
D:1 !*   D:5 !([*   D:6 (

Annotations:
D:7 2 transporters


Innate Abilities, Weirdness & Mutations

You have an increased reservoir of magic. (+10% MP)
You shall have no god before yourself.
Your divine heritage dramatically boosts your attributes as you level up.


Message History

Aim: a two-headed ogre, wielding a +0 giant spiked club and a +0 giant club (chance to affect: 44%)
The two-headed ogre resists with some effort.
The two-headed ogre hits you with a +0 giant spiked club.
The two-headed ogre hits you but does no damage.
You block the kobold brigand's attack.
Unknown command.
Unknown command.
Unknown command.
Aiming: Paralyse
Press: ? - help, Shift-Dir - straight line, f/p - two-headed ogre
Aim: a two-headed ogre, wielding a +0 giant spiked club and a +0 giant club (chance to affect: 44%)
The two-headed ogre resists with some effort.
The now-empty wand crumbles to dust.
The kobold brigand hits you but does no damage.
Unknown command.
Unknown command.
Aiming: Bolt of Light
Press: ? - help, Shift-Dir - straight line, p - two-headed ogre The bolt of light hits the two-headed ogre!
The two-headed ogre is moderately wounded.
The two-headed ogre is blinded.
The bolt of light hits the ice beast!
The ice beast is heavily wounded.
The ice beast is blinded.
The two-headed ogre hits you with a +0 giant spiked club.
The two-headed ogre hits you with a +0 giant club!!
* * * LOW HITPOINT WARNING * * *
You block the kobold brigand's attack.
Unknown command.
Unknown command.
Unknown command.
Unknown command.
Unknown command.
Unknown command.
As you read the scroll of fear, it crumbles to dust.
You assume a fearsome visage.
The ice beast looks frightened!
The two-headed ogre resists with some effort.
The kobold brigand looks frightened!
The kobold looks frightened!
The two-headed ogre barely misses you.
The two-headed ogre hits you with a +0 giant club!
You die...

..###.......)#).#
...........#...##
##.######..##.## ...
#..#### .... #..# .....
#..# . ......#..#
.........###############
##....#?...K.K@OY....(.#
#........#########......
..#....~..# .....
....~..#.K# ....
....#.....# ...
.#.......K# ..
.#$.....K# . .....~..#
h...#..#


You could see a two-headed ogre (blind, unable to see you), an ice beast (blind,
unable to see you, fleeing), a kobold brigand (fleeing) and a kobold (fleeing).

Vanquished Creatures
  2 rust devils (D:7)
  A hornet (D:9)
  Prince Ribbit (D:9)
  5 yaks
  An acid dragon (D:9)
  3 black bears
  6 orc warriors
  6 ice beasts
  2 sky beasts (D:7)
  A wolf (D:9)
  2 ogres (D:6)
  2 phantoms
  3 centaurs
  2 kobold brigands (D:8)
  2 bullfrogs
  A gnoll sergeant (D:7)
  A burial acolyte (Ossuary)
  7 wights
  5 killer bees
  2 howler monkeys
  A bombardier beetle (D:3)
  6 hounds
  3 jellies
  4 orc priests
  2 gnoll boudas (D:9)
  4 orc wizards
  Ijyb (D:3)
  5 iguanas
  A mummy (Ossuary)
  2 gnolls
  8 adders
  A shadow imp (D:7)
  3 white imps
  5 dart slugs
  3 ribbon worms
  31 orcs
  3 endoplasms
  4 giant cockroaches
  2 goblins
  4 hobgoblins
  6 quokkas
  12 ball pythons
  5 bats
  2 frilled lizards
  4 gnoll skeletons (Ossuary)
  A goblin zombie (D:4)
  14 kobolds
  7 kobold skeletons (Ossuary)
  9 orc skeletons (Ossuary)
  6 rats
  A rat zombie (D:4)
215 creatures vanquished.

Vanquished Creatures (others)
  An orc wizard (D:5)
1 creature vanquished.

Grand Total: 216 creatures vanquished

Notes
Turn   | Place    | Note
-------+----------+-------------------------------------------
     0 | D:5      | drugrobin the Demigod Delver began the quest for the Orb.
     0 | D:5      | Reached XP level 1. HP: 18/18 MP: 3/3
    60 | D:4      | Reached skill level 2 in Maces & Flails
   212 | D:4      | Noticed an iguana
   312 | D:4      | Identified the +9 long sword of Toothy Optimality {elec,
                  | rCorr Str+4}
   340 | D:4      | Noticed an iguana
   361 | D:4      | Found a sand-covered staircase.
   368 | Ossuary  | Entered an ossuary
   368 | Ossuary  | Noticed a wight
   368 | Ossuary  | Noticed a wight
   368 | Ossuary  | Noticed a wight
   427 | Ossuary  | Reached XP level 2. HP: 25/25 MP: 4/4
   435 | Ossuary  | Reached skill level 3 in Maces & Flails
   634 | Ossuary  | Noticed a wight
   634 | Ossuary  | Noticed a burial acolyte
   634 | Ossuary  | Noticed a wight
   666 | Ossuary  | Killed a wight
   667 | Ossuary  | Reached XP level 3. HP: 16/31 MP: 5/5
   667 | Ossuary  | Reached XP level 4. HP: 20/38 MP: 6/6
   685 | Ossuary  | Reached skill level 4 in Maces & Flails
   836 | Ossuary  | Reached XP level 5. HP: 26/46 MP: 7/7
  1349 | D:1      | Found Qamith's Distillery.
  1352 | D:1      | Bought a potion of curing for 42 gold pieces
  1352 | D:1      | Bought a potion of heal wounds for 70 gold pieces
  1476 | D:1      | Found Cocyel's Assorted Antiques.
  1800 | D:1      | Bought a scroll labelled GEJAATHRUUWKO for 28 gold pieces
  2613 | D:3      | Paralysed by an orc for 4 turns
  2751 | D:3      | Reached XP level 6. HP: 51/53 MP: 8/8
  2934 | D:3      | Reached skill level 1 in Evocations
  3019 | D:3      | Noticed Ijyb
  3046 | D:3      | Killed Ijyb
  3324 | D:3      | Reached skill level 5 in Maces & Flails
  3723 | D:4      | Reached skill level 5 in Fighting
  3957 | D:4      | Reached XP level 7. HP: 61/61 MP: 9/9
  4269 | D:5      | Found Woistajeun's Antique Weapon Emporium.
  4418 | D:5      | Found Qinuecs's Antique Armour Emporium.
  4878 | D:5      | Found Fiogoips's Distillery.
  4887 | D:5      | Bought a potion of lignification for 33 gold pieces
  4887 | D:5      | Bought a potion of brilliance for 44 gold pieces
  4899 | D:5      | Found a staircase to the Ecumenical Temple.
  5121 | D:5      | Found Conweku's Assorted Antiques.
  5518 | D:6      | Reached skill level 6 in Maces & Flails
  5741 | D:6      | Noticed a rust devil
  5741 | D:6      | Noticed a rust devil
  5792 | D:6      | Reached XP level 8. HP: 70/70 MP: 10/10
  6026 | D:6      | Found Aliaw's Antique Weapon Emporium.
  6961 | D:7      | Reached skill level 7 in Maces & Flails
  7648 | D:7      | Reached skill level 5 in Evocations
  7965 | D:7      | Reached XP level 9. HP: 64/79 MP: 11/11
  7974 | D:7      | Reached skill level 8 in Maces & Flails
  8009 | D:7      | Found a transporter.
  8015 | D:7      | Found a transporter.
  8015 | D:7      | Found the ring of the Hare {EV+10}
  8394 | D:5      | Bought a runed morningstar for 224 gold pieces
  8913 | D:7      | Killed a rust devil
  8914 | D:7      | Reached skill level 9 in Maces & Flails
  9183 | D:7      | Killed a rust devil
  9749 | D:8      | Reached skill level 10 in Maces & Flails
  9847 | D:8      | Reached XP level 10. HP: 90/90 MP: 13/13
 10544 | D:9      | Noticed a centaur warrior
 10559 | D:9      | Noticed a boulder beetle
 10572 | D:9      | Noticed a two-headed ogre
 10574 | D:9      | Noticed a manticore
 10575 | D:9      | Noticed Prince Ribbit
 10620 | D:9      | Killed Prince Ribbit
 10908 | D:9      | Noticed a two-headed ogre
 10925 | D:9      | Slain by a two-headed ogre

Illustrated notes

Levels and vault maps discovered:
D:1:      spicycebolla_arrival_xxxplode, layout_basic, serial_corexii_hall,
          corexii_hall_statues_l, chequers_hall_statues_y, serial_shops,
          nicolae_shop_real_fake_doors, nicolae_shop_window_shopping
D:2:      layout_basic
D:3:      layout_loops_corners, grunt_gozag_statues, bh_walls_and_bars,
          uniq_ijyb
D:4:      layout_loops_cross, nicolae_sif_muna_condensation, enter_ossuary_4
D:5:      layout_basic, nemelex_altar_shiori, gammafunk_temple_overflow_pools,
          lemuel_temple_firewalk_a, serial_shops, shop, shop, shop, shop,
          minmay_hedge_maze, nicolae_elevator_lobby_asterisk
D:6:      cheibrodos_iron_armory, layout_loops_ring,
          mainiacjoe_overflow_boulevard, overflow_temple_1_default,
          nicolae_dithmenos_the_darkroom, okawaru_gym_becter, serial_shops, shop
D:7:      gammafunk_beogh_shrine, layout_basic, good_gods_temple_1, minmay_bent
D:8:      layout_loops_ring
D:9:      kennysheep_seaside_town, layout_irregular_city,
          mainiacjoe_overflow_alcove_4, hellmonk_lair_entry_icy, david_orc_4,
          serial_shops, nicolae_diamond_shop, minmay_fractal_squares_gapless_7,
          uniq_prince_ribbit1

Skill      XL: |  1  2  3  4  5  6  7  8  9 10 |
---------------+-------------------------------+-----
Maces & Flails | 2 3 4 5 6 7 10 | 10.9
Fighting       | 3 4 5 6 7 8 9 |  9.1
Evocations     | 2 3 5 |  5.0
Dodging        | |  1.7
Stealth        | |  4.5

Action                     |  1- 3 |  4- 6 |  7- 9 | 10-12 || total
---------------------------+-------+-------+-------+-------++-------
  Melee: Mace              |    11 |    82 |   155 |       ||   248
         Long sword        |    29 |    99 |    93 |     8 ||   229
         Punch             |     1 |       |       |       ||     1
         Dagger            |       |       |     9 |       ||     9
         Morningstar       |       |       |    71 |   117 ||   188
  Throw: Dart              |       |     3 |    18 |     3 ||    24
  Evoke: Wand              |       |       |     9 |     9 ||    18
    Use: Scroll            |     1 |       |    13 |     1 ||    15
         Potion            |     1 |       |     1 |       ||     2
   Stab: Sleeping          |     3 |    15 |       |       ||    18
 Armour: Leather armour    |    16 |    19 |       |       ||    35
         Chain mail        |       |    71 |   277 |       ||   348
         Plate armour      |       |       |    70 |   107 ||   177
  Dodge: Dodged            |    15 |    66 |   138 |    49 ||   268
  Block: Buckler           |       |    19 |    64 |    27 ||   110

Table legend: (Time is in decaauts)
 A = Elapsed time spent in this place.
 B = Non-inter-level travel time spent in this place.
 C = Inter-level travel time spent in this place.
 D = Time resting spent in this place.
 E = Time spent auto-exploring this place.
 F = Levels seen in this place.
 G = Mean time per level.
                   A        B        C        D        E       F      G
               +--------+--------+--------+--------+--------+-----+--------+
         Total |  11055 |  10296 |    759 |   1880 |   5671 |  10 | 1105.5 |
       Dungeon |  10489 |   9730 |    759 |   1772 |   5578 |   9 | 1165.4 |
       Ossuary |    565 |    565 |      0 |    108 |     93 |   1 |  565.0 |
               +--------+--------+--------+--------+--------+-----+--------+

Top non-repeatable levels by time:
     D:7: 2595 daAuts
     D:5: 1562 daAuts
     D:6: 1512 daAuts
     D:3: 1433 daAuts
     D:8: 838 daAuts
     D:4: 833 daAuts
     D:1: 785 daAuts
 Ossuary: 565 daAuts
     D:9: 476 daAuts
     D:2: 452 daAuts
